 Dungeon Crawl Stone Soup version 0.22.1-2-g9c5b331383 (webtiles) character file.

53 Adamkad1 the Insei (level 3, -2/20 HPs)
             Began as an Octopode Transmuter on Dec 8, 2018.
             Slain by a goblin
             ... wielding a +0 club
             ... led by Robin
              (8 damage)
             ... on level 2 of the Dungeon on Dec 12, 2018.
             The game lasted 00:11:48 (1125 turns).

Adamkad1 the Insei (Octopode Transmuter)            Turns: 1125, Time: 00:11:49

Health: -2/20      AC:  1    Str:  9    XL:     3   Next: 87%
Magic:  6/6        EV: 13    Int: 15    God:
Gold:   31         SH:  6    Dex: 13    Spells: 6/7 levels left

rFire    . . .     SeeInvis .     - Unarmed
rCold    . . .     Gourm    .   g - +0 shield
rNeg     . . .     Faith    .   (helmet restricted)
rPois    .         Spirit   .   (no amulet)
rElec    .         Reflect  .   (no ring)
rCorr    .         Harm     .   (no ring)
MR       .....                  (no ring)
Stlth    +++.......             (no ring)
HPRegen  0.06/turn              (no ring)
MPRegen  0.10/turn              (no ring)
                                (no ring)
                                (no ring)

@: no status effects
A: almost no armour, stealthy swim, amphibious, 8 rings, constrict 8, tentacle
spike 1, repulsion field 1, camouflage 1, frail 1, sense surroundings 1,
gelatinous body 1
a: no special abilities


You were on level 2 of the Dungeon.
You were not hungry.

You visited 1 branch of the dungeon, and saw 2 of its levels.

You collected 31 gold pieces.

Inventory:

Hand Weapons
 d - a +0 whip
Missiles
 a - 12 arrows
 b - 16 poisoned needles
Armour
 g - a +0 shield (worn)
Scrolls
 e - a scroll of identify {unknown}
Comestibles
 c - 3 rations
 f - a chunk of flesh


   Skills:
 + Level 1.0 Fighting
 + Level 2.4 Dodging
 * Level 0.9 Stealth
 * Level 0.1 Shields
 + Level 3.5 Unarmed Combat
 + Level 2.6 Spellcasting
 * Level 2.3 Transmutations


You had 6 spell levels left.
You knew the following spells:

 Your Spells              Type           Power        Failure   Level  Hunger
a - Beastly Appendage     Tmut           #.....       47%         1    #......

Your spell library contained the following spells:

 Spells                   Type           Power        Failure   Level  Hunger
 Sticks to Snakes         Tmut           #.......     63%         2    ###....
 Spider Form              Tmut/Pois      #.........   95%         3    ###....
 Ice Form                 Ice/Tmut       #.......     100%        4    #####..
 Blade Hands              Tmut           #.........   100%        5    ######.


Dungeon Overview and Level Annotations

Branches:
Dungeon (2/15)

Altars:

Annotations:
D:2 Robin


Innate Abilities, Weirdness & Mutations

You cannot wear most types of armour.
You are very stealthy in the water. (Stealth+)
You are amphibious.
You can wear up to eight rings at the same time.
You can use your tentacles to constrict eight enemies at once.
Your skin changes colour to match your surroundings (Stealth+).
Your rubbery body absorbs attacks. (AC +1, EV +1)
One of your tentacles bears a spike.
You are surrounded by a mild repulsion field. (EV +2)
You are frail. (-10% HP)
You passively map a small area around you.


Message History

The goblin no longer looks unusually strong.
You block the goblin's attack. The goblin hits you with a dagger.
Robin roars a battlecry!
The goblin goes into a battle-frenzy!
You hear a shout!
The goblin no longer looks unusually strong.
Robin roars a battlecry!
The goblin goes into a battle-frenzy!
You block the goblin's attack.
The goblin no longer looks unusually strong.
Robin throws the goblin at you!
* * * LOW HITPOINT WARNING * * *
The goblin no longer looks unusually strong.
You block the goblin's attack. Robin throws the goblin at you!
You tentacle-slap the goblin. You grab the goblin.
You pierce the goblin.
You squeeze the goblin.
You kill the goblin!
You block the goblin's attack. The goblin hits you but does no damage.
Robin throws the goblin at you! The goblin hits you with a club!
You die...

#...# * ,
#...### * ,
,#.....# , ,
,#...#.# ,,* *
#<..#.# , .## *
##.## . , *... *
##.# # ,
###.######..# **
.......g@g..# *
,*,*##.###gg...#
* , * , ,
#..#..###...# *
, , ,* #...K##
###.# * **
#.g.## ..., *
#...# *##. ,
######†#.#* * .
, * #....g.#..#*
, #.##g..##..>,
*


You could see Robin, 5 goblins and a kobold.

Vanquished Creatures
  A gnoll (D:1)
  2 oozes (D:1)
  A dart slug (D:1)
  3 leopard geckos
  A giant cockroach (D:2)
  5 goblins
  2 hobgoblins (D:1)
  2 jackals (D:2)
  A quokka (D:2)
  A ball python (D:1)
  4 bats
  A frilled lizard (D:1)
  4 kobolds
  2 rats (D:1)
30 creatures vanquished.

Notes
Turn   | Place    | Note
-------+----------+-------------------------------------------
     0 | D:1      | Adamkad1 the Octopode Transmuter began the quest for the
                  | Orb.
     0 | D:1      | Reached XP level 1. HP: 13/13 MP: 3/3
    56 | D:1      | Reached XP level 2. HP: 10/18 MP: 1/5
   578 | D:1      | Reached XP level 3. HP: 23/23 MP: 4/6
   713 | D:1      | Gained mutation: You passively map a small area around you.
                  | [potion of mutation]
   713 | D:1      | Gained mutation: One of your tentacles bears a spike.
                  | [potion of mutation]
   713 | D:1      | Gained mutation: You are frail. (-10% HP) [potion of
                  | mutation]
   713 | D:1      | Gained mutation: You are surrounded by a mild repulsion
                  | field. (EV +2) [potion of mutation]
  1105 | D:2      | Noticed Robin
  1125 | D:2      | Slain by a goblin

Action                   || total
-------------------------++-------
Melee: Unarmed           ||    62
       Constrict         ||    20
       Kick              ||    12
       Tentacles         ||     8
       Punch             ||     1
 Cast: Beastly Appendage ||    12
  Use: Potion            ||     1
 Stab: Sleeping          ||     5
  Eat: Chunk             ||     1
Armor: Skin              ||    12
Dodge: Dodged            ||    35
Block: Shield            ||    14
